 Dungeon Crawl Stone Soup version 0.28-a0-1435-g82390b3a13 (webtiles) character file.

Game seed: 3143143317465490308

8 siradein the Magician (level 2, 0/22 HPs)
             Began as a Djinni Summoner on Jan 10, 2022.
             Slain by a quokka (3 damage)
             ... on level 1 of the Dungeon.
             The game lasted 00:00:53 (349 turns).

siradein the Magician (Djinni Summoner)              Turns: 349, Time: 00:00:54

Health: 0/22       AC:  2    Str:  7    XL:     2   Next: 15%
Gold:   12         EV: 12    Int: 16    God:
                   SH:  0    Dex: 13

rFire   + + .      SeeInvis .   (no weapon)
rCold   x . .      Faith    .   (no shield)
rNeg    . . .      Spirit   .   a - +0 robe
rPois   ∞          Reflect  .   (no helmet)
rElec   .          Harm     .   (no cloak)
rCorr   .          Rampage  .   (no gloves)
Will    .....                   (boots unavailable)
Stlth   ++........              (no amulet)
HPRegen 0.07/turn               b - +4 ring of slaying
MPRegen 0.00/turn               (no ring)

@: flying
A: sickness immunity, fire resistance 2, cold vulnerability 1, float, innate
caster, hp casting, extra vitality 1
a: no special abilities


You were on level 1 of the Dungeon.
You visited 1 branch of the dungeon, and saw 1 of its levels.

You collected 12 gold pieces.

Inventory:

Armour
 a - a +0 robe (worn)
Jewellery
 b - a +4 ring of slaying (left hand)


   Skills:
 + Level 0.7 Fighting
 + Level 2.5 Dodging
 - Level 1.5 Stealth
 + Level 3.3 Spellcasting


You couldn't memorise any spells.
You knew the following spells:

 Your Spells              Type           Power      Damage    Failure   Level
a - Summon Small Mammal   Summ           52%        N/A       4%          1
b - Call Imp              Summ           13%        N/A       7%          2
c - Call Canine Familiar  Summ           13%        N/A       14%         3
d - Summon Guardian Gole  Hex/Summ       13%        N/A       14%         3
e - Summon Lightning Spi  Summ/Air       13%        N/A       41%         4
Your spell library was empty.

Dungeon Overview and Level Annotations

Branches:
Dungeon (1/15)

Altars:


Innate Abilities, Weirdness & Mutations

You are immune to sickness and miasma.
You are immune to poison.
Your flesh is very heat resistant. (rF++)
You are vulnerable to cold. (rC-)
You float through the air rather than walking.
You learn spells naturally, not from books.
Your magical power is your life essence.
You have superior vitality. (+4 MHP)


Message History

* * * LOW HITPOINT WARNING * * *
You have reached level 2!
Your bat misses the quokka.
Your bat completely misses the quokka.
Your bat barely misses the endoplasm.
The endoplasm hits your bat.
Your bat hits the endoplasm but does no damage.
The quokka closely misses you.
You barely miss the quokka.
Your bat hits the quokka but does no damage.
The quokka closely misses you.
Your bat hits the quokka but does no damage.
Your bat hits the quokka.
Your bat barely misses the quokka.
You hit the quokka.
The quokka is heavily wounded.
Your bat misses the quokka.
Your bat closely misses the quokka.
The quokka bites you but does no damage.
You hit the quokka but do no damage.
The quokka is heavily wounded.
The quokka closely misses you.
Your bat misses the quokka. The endoplasm hits your bat.
Your bat barely misses the quokka.
The quokka closely misses you.
Your bat closely misses the quokka.
You closely miss the quokka.
The quokka is heavily wounded.
Your bat hits the quokka. The quokka closely misses you.
You closely miss the quokka.
The quokka is severely wounded.
Your bat hits the quokka. Your bat hits the endoplasm.
The endoplasm completely misses your bat.
Your bat hits the quokka but does no damage.
Your bat closely misses the quokka.
The quokka closely misses your bat.
Your bat completely misses the quokka.
The quokka bites your bat.
Your bat dies!
Your bat's corpse disappears in a puff of smoke!
The endoplasm jiggles.
Casting: Summon Small Mammal (safe; 4% risk of failure)
Confirm with . or Enter, or press ? or * to list all spells.
* * * LOW HITPOINT WARNING * * *
The quokka bites you.
You die...

#..........#
#.............
#...##.....#
#............. #.(.
#.....# #.....≈≈≈.....
######.....#
#....≈...≈.... #.........#
#....≈.<.≈.... #.........#
#....≈...≈.... #.........#
#.....≈≈≈..... #.......Jr#
#.............
#####>...@###.............
#......b..#≈...........≈
#.........#≈≈.........≈≈
#...#......####.....####
#...#.............###
#...#.....#########
#...#.....# #...#.....#
#...#.....#


You could see an endoplasm, a quokka (ally target) and a friendly bat
(summoned).

Vanquished Creatures
  3 jackals (D:1)
3 creatures vanquished.

Vanquished Creatures (collateral kills)
  An endoplasm (D:1)
  A hobgoblin (D:1)
  A jackal (D:1)
3 creatures vanquished.

Grand Total: 6 creatures vanquished

Notes
Turn   | Place    | Note
-------+----------+-------------------------------------------
     0 | D:1      | siradein the Djinni Summoner began the quest for the Orb.
     0 | D:1      | Reached XP level 1. HP: 15/15 MP: 0/0
   330 | D:1      | Reached XP level 2. HP: 2/22 MP: 0/0
   349 | D:1      | Slain by a quokka

Illustrated notes

Levels and vault maps discovered:
D:1:      enne_arrival_octagon_isle, layout_basic,
          hellmonk_ecumenical_altar_zigzags

Action                   || total
-------------------------++-------
Melee: Unarmed           ||    18
 Cast: Summon Small Mamm ||     6
Armor: Robe              ||     3
Dodge: Dodged            ||    23

Table legend: (Time is in decaauts)
 A = Elapsed time spent in this place.
 B = Non-inter-level travel time spent in this place.
 C = Inter-level travel time spent in this place.
 D = Time resting spent in this place.
 E = Time spent auto-exploring this place.
 F = Levels seen in this place.
 G = Mean time per level.
                   A        B        C        D        E       F      G
               +--------+--------+--------+--------+--------+-----+--------+
         Total |    348 |    348 |      0 |      0 |    276 |   1 |  348.0 |
       Dungeon |    348 |    348 |      0 |      0 |    276 |   1 |  348.0 |
               +--------+--------+--------+--------+--------+-----+--------+

Top non-repeatable levels by time:
     D:1: 348 daAuts
